 Dungeon Crawl Stone Soup version 0.29.0-15-g675c0067aa (webtiles) character file.

Game seed: 3665027215666824383

4 void236 the Conjurer (level 1, -1/10 HPs)
             Began as a Deep Elf Conjurer on Sept 11, 2022.
             Slain by an adder (2 damage)
             ... on level 2 of the Dungeon.
             The game lasted 00:01:18 (113 turns).

void236 the Conjurer (Deep Elf Conjurer)             Turns: 113, Time: 00:01:21

Health: -1/10      AC:  2    Str:  4    XL:     1   Next: 50%
Magic:  4/6        EV: 12    Int: 22    God:
Gold:   3          SH:  0    Dex: 13    Spells: 5/6 levels left

rFire   . . .      SeeInvis .   (no weapon)
rCold   . . .      Faith    .   (no shield)
rNeg    . . .      Spirit   .   a - +0 robe
rPois   .          Reflect  .   (no helmet)
rElec   .          Harm     .   (no cloak)
rCorr   .          Rampage  .   (no gloves)
Will    .....                   (no boots)
Stlth   ++........              (no amulet)
HPRegen 0.03/turn               (no ring)
MPRegen 0.10/turn               (no ring)

@: no status effects
A: no striking features
a: no special abilities


You were on level 2 of the Dungeon.
You visited 1 branch of the dungeon, and saw 2 of its levels.

You collected 3 gold pieces.

Inventory:

Armour
 a - a +0 robe (worn)
Scrolls
 c - a scroll of brand weapon {unknown}
Potions
 b - a potion of magic


   Skills:
 + Level 2.4 Dodging
 + Level 2.5 Stealth
 + Level 3.0 Spellcasting
 + Level 4.5 Conjurations


You had 5 spell levels left.
You knew the following spells:

 Your Spells              Type           Power      Damage    Failure   Level
a - Magic Dart            Conj           92%        1d7       1%          1

Your spell library contained the following spells:

 Spells                   Type           Power      Damage    Failure   Level
 Searing Ray              Conj           46%        2d6       2%          2
 Sandblast                Erth           6%         2d5       12%         1
 Dazzling Flash           Conj/Hex       26%        N/A       14%         3
 Stone Arrow              Conj/Erth      26%        3d8       14%         3
 Passwall                 Tmut/Erth      2%         N/A       19%         2
 Fulminant Prism          Conj/Hex       6%         3d7       43%         4
 Iskenderun's Mystic Bla  Conj/Tloc      13%        2d5       43%         4


Dungeon Overview and Level Annotations

Branches:
Dungeon (1/15)

Altars:


Message History

There is a stone staircase leading up here.
An adder comes into view.
The kobold shouts!
An adder comes into view.
The adder moves out of view.
The adder hisses angrily.
Found a scroll labelled EROUVI EPIR, a glowing bone ring and a whip.
The kobold misses you. The kobold attacks as you move away!
The kobold barely misses you.
Found 12 gold pieces.
The adder hisses angrily.
The kobold attacks as you move away! The kobold completely misses you.
An endoplasm comes into view.
The adder bites you. The adder barely misses you.
The adder bites you but does no damage. x2
The adder closely misses you.
Found a stone staircase leading up.
The adder bites you. The adder attacks as you move away!
The adder closely misses you.
A ball python comes into view.
Casting: Magic Dart (safe; 1% risk of failure)
Confirm with . or Enter, or press ? or * to list all spells.
Aiming: Magic Dart (safe; 1% risk of failure)
Press: ? - help, Shift-Dir - straight line, f - adder
Aim: an adder (100% to hit)
The magic dart hits the adder.
The adder is heavily wounded.
The adder misses you. The adder bites you but does no damage.
The adder bites you.
* * * LOW HITPOINT WARNING * * *
The kobold hits you with a +0 dagger.
* * * LOW HITPOINT WARNING * * *
Casting: Magic Dart (safe; 1% risk of failure)
Confirm with . or Enter, or press ? or * to list all spells.
Aiming: Magic Dart (safe; 1% risk of failure)
Press: ? - help, Shift-Dir - straight line, f/p - adder
Aim: an adder (heavily wounded, 100% to hit)
The magic dart hits the adder.
The adder is almost dead.
The adder barely misses you. The adder bites you.
You die...

#.. ..##S. #.. ....<. .#
# #.. ...... .# #. #.#
......####.### ...#..#
...........$.# #.#...
.............### #.....
.......#.......#####....
.......@....##.....#.#..
.#...#KSS..........#.###
.......................#
....###.......<.........
...................##...
..$...##....###.#####...
........#.)..##.........
...#........?.######....
.J ............# #....


You could see 2 adders, a ball python (asleep) and a kobold.

Vanquished Creatures
  A ball python (D:2)
  A kobold (D:2)
  2 rats (D:2)
4 creatures vanquished.

Notes
Turn   | Place    | Note
-------+----------+-------------------------------------------
     0 | D:1      | void236 the Deep Elf Conjurer began the quest for the Orb.
     0 | D:1      | Reached XP level 1. HP: 10/10 MP: 6/6
    21 | D:1      | You fall into a shaft and drop 1 floor!
   113 | D:2      | Slain by an adder

Illustrated notes

Levels and vault maps discovered:
D:1:      co_arrival_square_in_a_square_in_a_square, layout_rooms,
          minmay_misc_feat_diagonals, minmay_unequal
D:2:      layout_rooms, minmay_randomly_rotated_circles, uniq_robin

Action                   || total
-------------------------++-------
 Cast: Magic Dart        ||     9
Armor: Robe              ||     3
Dodge: Dodged            ||     8
